 Dungeon Crawl Stone Soup version 0.13-a0-3110-gf6e36dc (webtiles) character file.

667 PolkaDot the Ruinous (level 6, 0/33 (35) HPs)
             Began as a Vampire Wizard on Sept 20, 2013.
             Slain by a sky beast (5 damage)
             ... on Level 5 of the Dungeon.
             The game lasted 00:17:52 (4801 turns).

PolkaDot the Ruinous (Vampire Wizard)               Turns: 4801, Time: 00:17:52

HP   0/33 (35)   AC  2     Str  6      XL: 6   Next: 92%
MP   4/15        EV 12     Int 22      God:
Gold 174         SH  0     Dex 12      Spells:  3 memorised,  4 levels left

Res.Fire  : . . .   See Invis. : +   m - +1,+0 short sword
Res.Cold  : . . .   Warding    : .   h - +0 robe
Life Prot.: + . .   Conserve   : .   (no shield)
Res.Poison: .       Res.Corr.  : .   b - +0 wizard hat
Res.Elec. : .       Clarity    : .   (no cloak)
Sust.Abil.: . .     Spirit.Shd : .   (no gloves)
Res.Mut.  : .       Stasis     : .   (no boots)
Res.Rott. : .       Flight     : .   (no amulet)
Saprovore : . . .                    s - ring of wizardry
                                     q - ring of positive energy

@: regenerating quickly, slightly resistant to hostile enchantments, stealthy
A: bottle blood, fangs 3, see invisible, -10% hp, unbreathing
a: Bottle Blood


You were on level 5 of the Dungeon.
You were full.

You visited 1 branch of the dungeon, and saw 5 of its levels.

You collected 154 gold pieces.

Inventory:

Hand weapons
 m - a +1,+0 short sword (weapon)
Armour
 b - a +0 wizard hat (worn)
 h - a +0 robe (worn)
Scrolls
 a - a scroll of immolation {unknown}
 d - 2 scrolls of enchant weapon II {unknown}
 k - a scroll of fog
 o - 3 scrolls of identify
Jewellery
 q - a ring of positive energy (left hand)
 s - a ring of wizardry (right hand)
Books
 c - a book of Minor Magic

   Spells                             Type                      Level
   *Magic Dart                        Conjuration                  1
   Blink                              Translocation                2
   Call Imp                           Summoning                    2
   Repel Missiles                     Charms/Air                   2
   Slow                               Hexes                        2
   *Conjure Flame                     Conjuration/Fire             3
   *Mephitic Cloud                    Conjuration/Poison/Air       3
Magical staves
 t - an uncursed staff of death


   Skills:
 - Level 2.1 Dodging
 - Level 3.0 Stealth
 - Level 3.0 Spellcasting
 * Level 5.5 Conjurations
   Level 1.0 Summonings
   Level 0.7 Translocations


You had 4 spell levels left.
You knew the following spells:

 Your Spells              Type           Power        Failure   Level  Hunger
a - Magic Dart            Conj           ####         1%          1    None
d - Mephitic Cloud        Conj/Pois/Air  ##......     7%          3    ###....
s - Conjure Flame         Conj/Fire      ###.....     4%          3    ###....


Dungeon Overview and Level Annotations

Branches:
Dungeon (5/27)
 Temple: D:4-7

Altars:
the Shining One

Shops:
D:4 }

Annotations:
D:4 Pikel


Innate Abilities, Weirdness & Mutations

Your natural rate of healing is unusually fast.
You can bottle blood from corpses.
You have razor-sharp teeth.*
You have supernaturally acute eyesight.
You can survive without breathing.*
You are frail (-10% HP).


Message History

* * * LOW HITPOINT WARNING * * *
Casting: Magic Dart
Confirm with . or Enter, or press ? or * to list all spells.
Aiming: Magic Dart
Press: ? - help, Shift-Dir - straight line, f/p - sky beast
Aim: a sky beast (lightly wounded, slightly transparent)
The magic dart hits the sky beast.
The sky beast is lightly wounded.
The sky beast misses you.
Casting: Magic Dart
Confirm with . or Enter, or press ? or * to list all spells.
Aiming: Magic Dart
Press: ? - help, Shift-Dir - straight line, f/p - sky beast
Aim: a sky beast (lightly wounded, slightly transparent)
The magic dart hits the sky beast.
The sky beast is lightly wounded.
The sky beast hits you.
* * * LOW HITPOINT WARNING * * *
The sky beast shocks you.
You die...

.....#.....###.....###.....#(...
....###.....#.......#.....## ...
...## ##.................## .
..## ##...............## ...##
................# ....#
..................# .....#
...................# .......
................... ..#....
.......I@......... .###..
?.......!.....#.. ##
.............#. .. #
......>.>...### ..## ##
.......>...##.##...## ## .###
.........##...##...###. ..#..
.......##.....##...#.. ......
.....##.......##..... .....# .
###...._....###..%


You could see a sky beast (invisible).

Vanquished Creatures
  A centaur (D:5)
  3 crimson imps
  An orc priest (D:3)
  2 hounds
  A worker ant (D:5)
  Ijyb (D:3)
  4 adders
  3 giant mites
  5 worms
  The ghost of dsn the Sneak, a weakling SpEn (D:3)
  11 orcs
  10 bats
  6 goblins
  11 hobgoblins
  2 jackals (D:1)
  6 kobolds
  2 ball pythons
  6 giant cockroaches
  8 giant newts
  13 rats
97 creatures vanquished.

Notes
Turn   | Place    | Note
--------------------------------------------------------------
     0 | D:1      | PolkaDot, the Vampire Wizard, began the quest for the Orb.
     0 | D:1      | Reached XP level 1. HP: 11/11 MP: 6/6
    41 | D:1      | Reached skill level 1 in Conjurations
   223 | D:1      | Reached XP level 2. HP: 12/17 MP: 5/8
  1051 | D:2      | Reached XP level 3. HP: 22/22 MP: 7/10
  1811 | D:2      | Reached XP level 4. HP: 28/28 MP: 1/12
  2160 | D:3      | Noticed Ijyb
  2187 | D:2      | Learned a level 3 spell: Conjure Flame
  2191 | D:2      | Learned a level 3 spell: Mephitic Cloud
  2239 | D:3      | Killed Ijyb
  2276 | D:3      | Noticed dsn's ghost (weakling SpEn)
  2281 | D:3      | Killed dsn's ghost
  2543 | D:3      | Reached XP level 5. HP: 33/33 MP: 9/13
  2621 | D:3      | Reached skill level 4 in Conjurations
  3412 | D:3      | Gained mutation: You are frail (-10% HP). [potion of mutation]
  3789 | D:4      | Reached XP level 6. HP: 28/33 MP: 5/15
  3834 | D:4      | Found Broottiw's Gadget Shop.
  3979 | D:5      | Entered Level 5 of the Dungeon
  4019 | D:5      | Reached skill level 5 in Conjurations
  4046 | D:4      | Noticed Pikel
  4046 | D:4      | Noticed a slave
  4046 | D:4      | Noticed a slave
  4046 | D:4      | Noticed a slave
  4046 | D:4      | Noticed a slave
  4481 | D:5      | Found a glowing golden altar of the Shining One.
  4801 | D:5      | Slain by a sky beast

Action                   |  1- 3 |  4- 6 || total
-------------------------+-------+-------++-------
Melee: Unarmed           |    16 |       ||    16
       Short sword       |       |    86 ||    86
 Cast: Magic Dart        |    97 |   264 ||   361
       Mephitic Cloud    |       |     4 ||     4
  Use: Potion            |     1 |     8 ||     9
       Scroll            |       |    11 ||    11
 Stab: Confused          |       |     2 ||     2
       Sleeping          |       |     1 ||     1
